 Dungeon Crawl Stone Soup version 0.26.1-11-gd32895ea62 (webtiles) character file.

Game seed: 567345899291058668

61 Zeld the Insei (level 4, -6/29 HPs)
             Began as an Octopode Transmuter on May 28, 2021.
             Mangled by a worker ant (8 damage)
             ... on level 3 of the Dungeon.
             The game lasted 00:01:38 (2031 turns).

Zeld the Insei (Octopode Transmuter)                Turns: 2031, Time: 00:01:39

Health: -6/29      AC:  1    Str: 10    XL:     4   Next: 7%
Magic:  7/8        EV: 13    Int: 15    God:
Gold:   84         SH:  0    Dex: 12    Spells: 2/8 levels left

rFire    . . .     SeeInvis .     - Unarmed
rCold    . . .     Faith    .   (no shield)
rNeg     . . .     Spirit   .   (helmet restricted)
rPois    .         Reflect  .   (no amulet)
rElec    .         Harm     .   (no ring)
rCorr    .         Rampage  .   (no ring)
Will     .....                  (no ring)
Stlth    ++........             (no ring)
HPRegen  0.09/turn              (no ring)
MPRegen  0.11/turn              (no ring)
                                (no ring)
                                (no ring)

@: very slightly contaminated
A: almost no armour, stealthy swim, amphibious, 8 rings, constrict 8, camouflage
1, gelatinous body 1
a: no special abilities


You were on level 3 of the Dungeon.
You visited 1 branch of the dungeon, and saw 4 of its levels.

You collected 84 gold pieces.

Inventory:

Scrolls
 a - 4 scrolls of identify {unknown}
 f - a scroll of remove curse {unknown}
Potions
 b - a potion of resistance {unknown}
 c - 3 potions of flight {unknown}
 d - a potion of cancellation {unknown}
 e - a potion of lignification {unknown}


   Skills:
 + Level 1.6 Fighting
 + Level 2.4 Dodging
 - Level 3.0 Unarmed Combat
 * Level 2.8 Spellcasting
 * Level 2.8 Transmutations


You had 2 spell levels left.
You knew the following spells:

 Your Spells              Type           Power        Failure   Level
a - Beastly Appendage     Tmut           20%          6%          1
b - Wereblood             Tmut           10%          10%         2
c - Spider Form           Tmut/Pois      3%           34%         3

Your spell library contained the following spells:

 Spells                   Type           Power        Failure   Level
 Ice Form                 Ice/Tmut       6%           75%         4
 Blade Hands              Tmut           5%           87%         5


Dungeon Overview and Level Annotations

Branches:
Dungeon (4/15)
 Temple: D:4-7

Altars:
Ru


Innate Abilities, Weirdness & Mutations

You cannot wear most types of armour.
You are very stealthy in the water. (Stealth+)
You are amphibious.
You can wear up to eight rings at the same time.
You can use your tentacles to constrict eight enemies at once.
Your skin changes colour to match your surroundings (Stealth+).
Your rubbery body absorbs attacks. (AC +1, EV +1)


Message History

You shout for attention!
The worker ant closely misses you. The worker ant barely misses you.
The worker ant bites you.
* * * LOW HITPOINT WARNING * * *
There is an open door here.
Casting: Beastly Appendage (safe; 6% risk of failure)
Confirm with . or Enter, or press ? or * to list all spells.
You miscast Beastly Appendage.
You are very lightly contaminated with residual magic.
Nothing appears to happen.
The worker ant barely misses you.
You tentacle-slap the worker ant. You grab the worker ant.
The worker ant is lightly wounded.
You constrict the worker ant. The worker ant bites you.
* * * LOW HITPOINT WARNING * * *
You tentacle-slap the worker ant but do no damage.
The worker ant is lightly wounded.
You constrict the worker ant, but do no damage.
The worker ant barely misses you. The worker ant bites you!
You die...

##.# #.##..W.# ##.## #.# #.# #.#
#.# ##.###.# #.# #.# .......# #.#
##'## ##.##### #.# ##...## #.#
#.# ##.....## #### ##.# ##.##
##.(.....## #...
##.########...####.........###...
................@Bl......(.'.....
##.########...####.........###...
##.# ##.## ##.......## #... ##.##
#.# ##.....## #### #...# ..#
##...## # ..#.# .### ##'## #
#...# .# ########.##########
##### #. #........##....b...
#.#####..##.#


You could see a worker ant and a leopard gecko.

Vanquished Creatures
  An orc wizard (D:3)
  An adder (D:3)
  A leopard gecko (D:3)
  2 hobgoblins (D:1)
  3 jackals (D:3)
  A quokka (D:3)
  2 bats (D:2)
  A frilled lizard (D:3)
  5 kobolds
  10 rats
27 creatures vanquished.

Vanquished Creatures (others)
  A plant (D:2)
1 creature vanquished.

Grand Total: 28 creatures vanquished

Notes
Turn   | Place    | Note
-------+----------+-------------------------------------------
     0 | D:1      | Zeld the Octopode Transmuter began the quest for the Orb.
     0 | D:1      | Reached XP level 1. HP: 13/13 MP: 3/3
   758 | D:1      | Reached XP level 2. HP: 12/18 MP: 3/5
   765 | D:1      | Learned a level 2 spell: Wereblood
  1150 | D:3      | Found a sacrificial altar of Ru.
  1167 | D:3      | Reached XP level 3. HP: 13/23 MP: 7/7
  1177 | D:3      | Learned a level 3 spell: Spider Form
  1320 | D:3      | Reached XP level 4. HP: 28/28 MP: 6/8
  1425 | D:3      | Noticed a phantom
  1709 | D:4      | Noticed a sky beast
  2031 | D:3      | Mangled by a worker ant

Illustrated notes

Levels and vault maps discovered:
D:1:      lemuel_arrival_tunnels, layout_loops_corners, kennysheep_boxes
D:2:      layout_basic, serial_bayou_crossing
D:3:      layout_loops_corners, overflow_temple_1_default,
          nicolae_ru_great_annihilating_truth, chequers_serial_rivers_small_b,
          elyvilon_altar_4, uniq_ijyb, uniq_crazy_yiuf_cottage, uniq_grinder
D:4:      layout_gridville, kennysheep_little_box

Action                   |  1- 3 |  4- 6 || total
-------------------------+-------+-------++-------
Melee: Unarmed           |    47 |     9 ||    56
       Constrict         |    18 |     5 ||    23
       Kick              |     7 |     4 ||    11
       Tentacles         |     6 |       ||     6
       Punch             |     1 |       ||     1
 Cast: Beastly Appendage |    17 |     3 ||    20
 Stab: Sleeping          |     3 |       ||     3
       Paralysed         |     1 |       ||     1
Armor: Skin              |     2 |       ||     2
Dodge: Dodged            |    23 |    17 ||    40
